 Dungeon Sprint DCSS version 0.29-a0-284-gf9362112df (webtiles) character file.

Game seed: 13962804780269819380

10357 mhtbhm the Severer (level 11, -5/95 HPs)
             Began as an Octopode Berserker on Apr 1, 2022.
             Was the Champion of Trog.
             Slain by a 12-headed hydra (16 damage)
             ... in the Dungeon (Sprint I: "Red Sonja").
             The game lasted 00:06:49 (4564 turns).

mhtbhm the Severer (Octopode Berserker)             Turns: 4564, Time: 00:06:49

Health: -5/95      AC:  1    Str: 21    XL:     11   Next: 60%
Magic:  11/11      EV: 18    Int: 10    God:    Trog [******]
Gold:   1199       SH:  0    Dex: 11    Spells: 10/10 levels left

rFire   + . .      SeeInvis .   a - +5 battleaxe (vorpal)
rCold   . . .      Faith    .   (shield currently unavailable)
rNeg    . . .      Spirit   .   (helmet restricted)
rPois   .          Reflect  .   (no amulet)
rElec   .          Harm     .   m - ring of protection from fire
rCorr   .          Rampage  .   (no ring)
Will    .....      NoTele   +   (no ring)
Stlth   ++++++....              (no ring)
HPRegen 0.25/turn               (no ring)
MPRegen 0.12/turn               (no ring)
                                (no ring)
                                (no ring)

@: no status effects
A: almost no armour, amphibious, 8 rings, camouflage 1, gelatinous body 1,
(nimble swimmer 1), tentacles
a: Renounce Religion, Berserk, Trog's Hand, Brothers in Arms


You were in the Dungeon.
You worshipped Trog.
Trog was exalted by your worship.
You visited 1 branch You collected 2267 gold pieces.
You spent 1068 gold pieces at shops.

Inventory:

Hand Weapons
 a - a +5 vorpal battleaxe (weapon)
Missiles
 b - 5 curare-tipped darts (quivered)
Jewellery
 m - a ring of protection from fire (left tentacle)
Wands
 g - a wand of flame (6)
 h - a wand of acid (7)
Scrolls
 d - a scroll of vulnerability
 l - a scroll of blinking
Potions
 c - a potion of heal wounds
 e - 2 potions of magic
 f - a potion of berserk rage
 i - 2 potions of flight
 j - 5 potions of curing
 n - 2 potions of might
 o - a potion of haste


   Skills:
 + Level 16.6 Fighting
 + Level 16.9 Axes
 + Level 2.1 Throwing
 + Level 13.3 Dodging
 + Level 12.2 Stealth
 + Level 4.6 Evocations


You had 10 spell levels left.
You didn't know any spells.
Your spell library was empty.

Dungeon Overview and Level Annotations

Branches:
Dungeon (1/1)

Altars:
Cheibriados
Dithmenos
Elyvilon
Fedhas
Gozag
Hepliaklqana
Kikubaaqudgha
Makhleb
Nemelex Xobeh
Okawaru
Qazlal
Ru
Sif Muna
Trog
Uskayaw
Vehumet
Wu Jian
Xom
Yredelemnul
Zin
The Shining One
Jiyva
Lugonu

Shops:
D ([((=*:!=?=?[=*[*


Innate Abilities, Weirdness & Mutations

You cannot wear most types of armour.
You are amphibious.
You can wear up to eight rings at the same time.
Your skin changes colour to match your surroundings (Stealth+).
Your rubbery body absorbs attacks. (AC +1, EV +1)
((You are camouflaged when in or above water. (Stealth+)))
You have tentacles for arms and can constrict up to eight enemies at once.


Message History

There is an open door here.
There is an open door here.
There is an open door, spattered with blood here.
There is an open door here.
You see here a +0 flail.
There is an open door here.
You see here a +2 dagger of distortion.
There is an open door, spattered with blood here.
There is an open door here.
There is an open door, spattered with blood here.
Things that are here:
a +0 dagger; a +0 robe
Things that are here:
a +0 dagger; a +0 robe Really wriggle into a travel-excluded area? [Y]es or [N]o only, please.
Really wriggle into a travel-excluded area?
Okay, then.
Really wriggle into a travel-excluded area?
You see here a +0 flail.
There is an open door here.
There is an open door here.
There is an open door here.
You see here a +3 vorpal hand axe.
Unknown command.
You open the door.
A 12-headed hydra and a floating eye come into view.
The 12-headed hydra roars!
Found 54 gold pieces.
Unknown command.
Your deep troll goes berserk!
The 12-headed hydra bites you! The 12-headed hydra closely misses you.
The 12-headed hydra bites you! The 12-headed hydra barely misses you.
The 12-headed hydra bites you! x3; The 12-headed hydra misses you.
The 12-headed hydra bites you! x2
* * * LOW HITPOINT WARNING * * *
The 12-headed hydra bites you!
* * * LOW HITPOINT WARNING * * *
The 12-headed hydra bites you!
You die...

#####################
).#..#§§..'§.§§§@DG$#
.)##§#§####§§§§§##T.+
..'..#.# ##§§§######
###..'§# ###)#|.(##
.##+#### #.##...#
.#°.° #..###.# .#°...
##.#A#.# '###°○○
#..###.# .'.#.○.#
#.##...#


You could see a 12-headed hydra (ally target), a floating eye and a friendly
deep troll (summoned, berserk).

Vanquished Creatures
  2 centaur warriors (D)
  Sonja (D)
  A deep troll (D)
  A lindwurm (D)
  An oklob plant (D)
  A gargoyle (D)
  2 demonic crawlers (D)
  7 unseen horrors (D)
  2 kobold demonologists (D)
  A hornet (D)
  A slime creature (D)
  Sigmund (D)
  A yak (D)
  13 hogs (D)
  2 redbacks (D)
  2 floating eyes (D)
  An ogre (D)
  7 necrophages (D)
  8 jellies (D)
  Ijyb (D)
  2 ballistomycete spores (D)
58 creatures vanquished.

Vanquished Creatures (collateral kills)
  2 demonic crawlers (D)
2 creatures vanquished.

Grand Total: 60 creatures vanquished

Notes
Turn   | Place    | Note
-------+----------+-------------------------------------------
     0 | D        | mhtbhm the Octopode Berserker began the quest for the Orb.
     0 | D        | Reached XP level 1. HP: 16/16 MP: 1/1
     1 | D        | Noticed Ijyb
     8 | D        | Killed Ijyb
     9 | D        | Reached XP level 2. HP: 23/23 MP: 2/2
     9 | D        | Reached XP level 3. HP: 27/27 MP: 3/3
    54 | D        | Noticed an ogre
    59 | D        | Killed an ogre
    60 | D        | Reached skill level 5 in Dodging
    60 | D        | Reached XP level 4. HP: 36/36 MP: 4/4
    92 | D        | Noticed Sigmund
    97 | D        | Killed Sigmund
    97 | D        | Reached ** piety under Trog
    98 | D        | Reached XP level 5. HP: 44/44 MP: 5/5
    98 | D        | Reached XP level 6. HP: 50/50 MP: 6/6
   200 | D        | Found an ornate altar of the Wu Jian Council.
   200 | D        | Found a shimmering blue altar of Sif Muna.
   202 | D        | Found a radiant altar of Vehumet.
   396 | D        | Found Osiem's Armour Emporium.
   396 | D        | Found an ancient bone altar of Kikubaaqudgha.
   396 | D        | Found a hazy altar of Hepliaklqana.
   396 | D        | Found a stormy altar of Qazlal.
   396 | D        | Found a hide-covered altar of Uskayaw.
   396 | D        | Found a blossoming altar of Fedhas.
   396 | D        | Found a bloodstained altar of Trog.
   396 | D        | Found an iron altar of Okawaru.
   396 | D        | Found a basalt altar of Yredelemnul.
   396 | D        | Found a glowing golden altar of the Shining One.
   396 | D        | Found a snail-covered altar of Cheibriados.
   396 | D        | Found a sacrificial altar of Ru.
   396 | D        | Found a glowing silver altar of Zin.
   396 | D        | Found a shadowy altar of Dithmenos.
   396 | D        | Found a white marble altar of Elyvilon.
   396 | D        | Noticed a yak
   406 | D        | Killed a yak
   407 | D        | Reached XP level 7. HP: 54/56 MP: 7/7
   407 | D        | Found an opulent altar of Gozag.
   408 | D        | Found a sparkling altar of Nemelex Xobeh.
   502 | D        | Noticed Sonja
   511 | D        | Killed Sonja
   511 | D        | Reached *** piety under Trog
   512 | D        | Reached skill level 10 in Fighting
   512 | D        | Reached skill level 1 in Stealth
   512 | D        | Reached skill level 1 in Evocations
   512 | D        | Reached XP level 8. HP: 19/66 MP: 8/8
   726 | D        | Found Wutug's Weapon Boutique.
   735 | D        | Bought a +3 vorpal hand axe for 301 gold pieces
   748 | D        | Noticed a deep troll
   754 | D        | Killed a deep troll
   755 | D        | Reached skill level 10 in Dodging
   765 | D        | Found Yplezyboink's Armour Emporium.
   963 | D        | Found a burning altar of Makhleb.
   963 | D        | Found a viscous altar of Jiyva.
   963 | D        | Found a shimmering altar of Xom.
   963 | D        | Found a corrupted altar of Lugonu.
   963 | D        | Noticed a slime creature
   971 | D        | Killed a slime creature
  1065 | D        | Noticed a kobold demonologist
  1066 | D        | Noticed a kobold demonologist
  1070 | D        | Reached XP level 9. HP: 73/73 MP: 9/9
  1072 | D        | Killed a kobold demonologist
  1076 | D        | Killed a kobold demonologist
  1076 | D        | Reached **** piety under Trog
  1140 | D        | Noticed a centaur warrior
  1141 | D        | Noticed a centaur warrior
  1149 | D        | Killed a centaur warrior
  1150 | D        | Reached skill level 1 in Throwing
  1150 | D        | Reached skill level 5 in Stealth
  1152 | D        | Killed a centaur warrior
  1153 | D        | Reached XP level 10. HP: 31/82 MP: 10/10
  1484 | D        | Noticed an oklob plant
  1493 | D        | Killed an oklob plant
  1624 | D        | Reached ***** piety under Trog
  2028 | D        | Killed an unseen horror
  2031 | D        | Killed an unseen horror
  2214 | D        | Reached skill level 15 in Axes
  2233 | D        | Received a gift from Trog
  2400 | D        | Reached ****** piety under Trog
  2418 | D        | Identified the +5 trident of the Tired Artists {antimagic,
                  | rF- rC+ Int+4 Dex+6}
  2430 | D        | Found Gaoq's Antique Weapon Shoppe.
  2430 | D        | Found Dompoy's Antique Weapon Shop.
  2430 | D        | Found Meranud's Jewellery Boutique.
  2432 | D        | Found Zoceloli's General Store.
  2432 | D        | Found Achen's Book Shop.
  2432 | D        | Found Rocvo's Distillery.
  2432 | D        | Found Yweehuy's Jewellery Boutique.
  2432 | D        | Found Beikh's Magic Scroll Emporium.
  2432 | D        | Found Jiree's Jewellery Shop.
  2432 | D        | Found Nom Cegyme's Magic Scroll Shoppe.
  2438 | D        | Found Goeb's Armour Boutique.
  2439 | D        | Bought a scroll of blinking for 97 gold pieces
  2439 | D        | Found Gack's General Store.
  2439 | D        | Found Enivvem's Jewellery Boutique.
  2440 | D        | Found Pizxefak's General Store.
  2442 | D        | Bought a ring of protection from fire for 250 gold pieces
  2450 | D        | Bought a potion of heal wounds for 50 gold pieces
  2529 | D        | Noticed a demonic crawler
  2529 | D        | Noticed a demonic crawler
  2529 | D        | Noticed a demonic crawler
  2529 | D        | Noticed a demonic crawler
  2541 | D        | Killed a demonic crawler
  2541 | D        | Received a gift from Trog
  2543 | D        | Killed a demonic crawler
  2544 | D        | Noticed a gargoyle
  2549 | D        | Killed a demonic crawler
  2550 | D        | Reached skill level 15 in Fighting
  2552 | D        | Killed a demonic crawler
  2553 | D        | Reached XP level 11. HP: 26/91 MP: 11/11
  2907 | D        | Noticed a lindwurm
  2922 | D        | Killed a lindwurm
  2923 | D        | Reached skill level 10 in Stealth
  3326 | D        | Received a gift from Trog
  3462 | D        | Noticed a daeva
  3695 | D        | Received a gift from Trog
  4463 | D        | Bought a potion of curing for 36 gold pieces
  4463 | D        | Bought a potion of curing for 36 gold pieces
  4463 | D        | Bought 2 potions of might for 96 gold pieces
  4473 | D        | Bought a potion of haste for 140 gold pieces
  4479 | D        | Bought a potion of curing for 36 gold pieces
  4483 | D        | Bought a scroll of identify for 26 gold pieces
  4563 | D        | Noticed a 12-headed hydra
  4564 | D        | Slain by a 12-headed hydra

Illustrated notes

Levels and vault maps discovered:
D:        dungeon_sprint_1 [red_sonja_temple_1, red_sonja_temple_small_1]

Skill      XL: |  1  2  3  4  5  6  7  8  9 10 11 |
---------------+----------------------------------+-----
Fighting       | 4 6 7 8 10 11 13 15 16 | 16.6
Axes           | 4 6 8 9 11 12 14 15 16 | 16.9
Dodging        | 4 5 7 8 9 10 11 12 13 | 13.3
Stealth        | 1 3 6 9 12 | 12.2
Evocations     | 1 2 3 4 |  4.6
Throwing       | 1 2 |  2.1

Action                   |  1- 3 |  4- 6 |  7- 9 | 10-12 || total
-------------------------+-------+-------+-------+-------++-------
Melee: Hand axe          |     8 |    15 |    27 |    95 ||   145
       Constrict         |     1 |     1 |     1 |    19 ||    22
       Tentacles         |     1 |     4 |     5 |    35 ||    45
       Punch             |       |       |       |     3 ||     3
       Battleaxe         |       |       |       |    10 ||    10
Throw: Dart              |       |       |     2 |       ||     2
Invok: Berserk           |     2 |     3 |     4 |     7 ||    16
       Brothers in Arms  |       |       |       |     2 ||     2
Evoke: Wand              |       |       |     4 |       ||     4
  Use: Potion            |       |       |     1 |     2 ||     3
       Scroll            |       |       |     1 |     2 ||     3
 Stab: Sleeping          |       |       |     2 |     4 ||     6
Armor: Skin              |       |       |       |     2 ||     2
Dodge: Dodged            |     2 |     4 |    18 |    73 ||    97

Table legend: (Time is in decaauts)
 A = Elapsed time spent in this place.
 B = Non-inter-level travel time spent in this place.
 C = Inter-level travel time spent in this place.
 D = Time resting spent in this place.
 E = Time spent auto-exploring this place.
 F = Levels seen in this place.
 G = Mean time per level.
                   A        B        C        D        E       F      G
               +--------+--------+--------+--------+--------+-----+--------+
         Total |   4649 |   4649 |      0 |   3617 |      1 |   1 | 4649.0 |
       Dungeon |   4649 |   4649 |      0 |   3617 |      1 |   1 | 4649.0 |
               +--------+--------+--------+--------+--------+-----+--------+

Top non-repeatable levels by time:
       D: 4649 daAuts
